 Dungeon Crawl Stone Soup version 0.19-a0-1903-gead39cf (webtiles) character file.

7464 Esekla the Basher (level 11, -9/67 HPs)
             Began as an Octopode Enchanter on Oct 21, 2016.
             Was a Priest of Makhleb.
             Mangled by a two-headed ogre
             ... wielding a +0 giant club
              (13 damage)
             ... on level 9 of the Dungeon.
             The game lasted 03:10:14 (12991 turns).

Esekla the Basher (Octopode Enchanter)             Turns: 12991, Time: 03:10:15

Health: -9/67      AC:  1    Str:  7    XL:     11   Next: 15%
Magic:  19/19      EV: 19    Int: 21    God:    Makhleb [***...]
Gold:   475        SH:  0    Dex: 18    Spells: 5 memorised, 7 levels left

rFire  x . .     SeeInvis .     v - +2 dagger (venom)
rCold  + + .     Gourm    .     p - +3 buckler
rNeg   . . .     Faith    .     (helmet restricted)
rPois  .         Spirit   .     E - amulet of magic regeneration
rElec  .         Reflect  .     j - ring of protection from cold
rCorr  .         Harm     .     t - ring of ice
MR     .....                    (no ring)
Stlth  +++.......               (no ring)
                                (no ring)
                                (no ring)
                                (no ring)
                                (no ring)

@: confused, agile, lethally poisoned (-9 -> -13)
A: almost no armour, stealthy swim, amphibious, 8 rings, constrict 8, camouflage
1, gelatinous body 1
a: Minor Destruction, Lesser Servant of Makhleb, Renounce Religion


You were on level 9 of the Dungeon.
You worshipped Makhleb.
Makhleb was most pleased with you.
You were not hungry.

You visited 2 branches of the dungeon, and saw 10 of its levels.
You also visited: Ossuary.

You collected 475 gold pieces.

Inventory:

Hand Weapons
 a - a +1 short sword of freezing
 d - a +1 dagger of speed
 m - a +4 long sword
 s - a +0 hunting sling
 u - a +3 hand axe
 v - a +2 dagger of venom (weapon)
 w - a +2 whip of electrocution
 G - a +1 whip of freezing
Missiles
 f - 79 sling bullets
 i - 2 javelins (quivered)
 l - 114 stones
 F - a throwing net
Armour
 p - a +3 buckler (worn)
Jewellery
 j - a ring of protection from cold (left tentacle)
 t - a ring of ice (right tentacle)
 y - the ring "Wawifaut" {*Tele Int+7}
   (You took it off a gnoll on level 5 of the Dungeon)

   [ring of teleportation]

   It may teleport you next to monsters.
   It affects your intelligence (+7).
 E - an amulet of magic regeneration (around mantle)
Wands
 g - a wand of flame (13/48)
 C - a wand of polymorph (24/24)
 D - a wand of flame (30/48)
 M - a wand of disintegration (5/24)
Scrolls
 b - a scroll of amnesia
 c - 2 scrolls of enchant armour
 k - 3 scrolls of remove curse
 q - 4 scrolls of teleportation
 r - a scroll of fog
 A - 3 scrolls of recharging
 J - a scroll of blinking
Potions
 e - 2 potions of agility
 h - 5 potions of flight
 B - a potion of might
 H - 3 potions of cancellation
 L - a potion of brilliance
Books
 n - a book of Misfortune

   Spells                             Type                      Level
   a - Confusing Touch                Hexes                        1
   b - Confuse                        Hexes                        3
   c - Gell's Gravitas                Hexes/Translocation          3
   d - Petrify                        Transmutation/Earth          4
   e - Metabolic Englaciation         Hexes/Ice                    5
   f - Yara's Violent Unravelling     Hexes/Transmutation          5
Comestibles
 x - 2 beef jerkies
 z - a meat ration
 I - 7 slices of pizza
 K - 2 bread rations


   Skills:
 - Level 3.0 Fighting
 - Level 6.5 Short Blades
 * Level 8.9 Maces & Flails
 - Level 2.0 Slings
 - Level 2.0 Dodging
 - Level 4.0 Stealth
 + Level 7.6 Shields
 + Level 5.8 Spellcasting
 + Level 3.9 Conjurations
 + Level 4.0 Hexes
 + Level 3.0 Transmutations
 + Level 3.8 Earth Magic


You had 7 spell levels left.
You knew the following spells:

 Your Spells              Type           Power        Failure   Level  Hunger
a - Corona                Hex            ###....      1%          1    None
b - Dazzling Spray        Conj/Hex       ###...       10%         3    ##.....
c - Confuse               Hex            ###.....     6%          3    ##.....
d - Tukima's Dance        Hex            ###.....     6%          3    ##.....
e - Petrify               Tmut/Erth      ###.....     28%         4    ####...


Dungeon Overview and Level Annotations

Branches:
Dungeon (9/15)             Temple (1/1) D:5
   Lair: D:8-11         Orc: D:9-12

Altars:
Dithmenos
Gozag
Kikubaaqudgha
Makhleb
Vehumet


Innate Abilities, Weirdness & Mutations

You cannot wear most types of armour.
You are very stealthy in the water. (Stealth+)
You are amphibious.
You can wear up to eight rings at the same time.
You can use your tentacles to constrict eight enemies at once.
Your skin changes colour to match your surroundings (Stealth+).
Your rubbery body absorbs attacks. (AC +1, EV +1)


Message History

* * * LOW HITPOINT WARNING * * *
You feel sick. The killer bee closely misses you.
The two-headed ogre wields a giant club.
The two-headed ogre completely misses you. x2
The killer bee completely misses you.
You feel sick.
The killer bee is no longer blind.
The killer bee stings you.
* * * LOW HITPOINT WARNING * * *
You closely miss the killer bee.
The killer bee is heavily wounded.
The killer bee completely misses you.
Evoke which item? (* to show all) (? for menu, Esc to quit)
Zapping:
D - a wand of flame (31/48)
Press: ? - help, Shift-Dir - straight line, f - killer bee, p - two-headed ogre
Aim: a killer bee (heavily wounded) This wand has 30 charges left.
You feel sick. The killer bee completely misses you.
The two-headed ogre hits you with a giant club.
* * * LOW HITPOINT WARNING * * *
The two-headed ogre hits you with a giant club!
You die...

.'....#...........#
.#....#...........#
.#....#..##.......#
.#....#...........#
##....##+###..###†#
.#....# #..###(#
.#>...# #......#
.#....# #....yO#
##....# #)..#@.#
.#....######......#
.#....#...........#
)#....#...........#
.#....#.....).....#
.#....#...........#
.'....#.##..).....#
.######. #...##...#
.######.##...##...#


You could see a two-headed ogre, a killer bee and a friendly giant club.

Vanquished Creatures
  Maurice (D:8)
  Joseph (D:7)
  A two-headed ogre (D:8)
  3 hippogriffs
  Sigmund (D:3)
  A yak (D:8)
  A human (D:8)
  3 hogs (D:8)
  2 hungry ghosts
  4 orc warriors
  3 ice beasts
  2 sky beasts
  An eye of draining (D:8)
  5 ogres
  A centaur (D:5)
  3 phantoms
  4 bullfrogs
  12 scorpions
  A water moccasin skeleton (D:8)
  2 killer bees (D:9)
  9 wights
  4 crimson imps
  A centaur zombie (D:7)
  2 bullfrog zombies
  4 human zombies (Ossuary)
  5 hounds
  13 orc wizards
  2 centaur skeletons
  6 orc priests
  A bullfrog skeleton (D:5)
  2 iguanas
  2 worker ants
  Terence (D:3)
  5 big kobold zombies (Ossuary)
  3 mummies (Ossuary)
  A worker ant zombie (D:7)
  4 gnolls (D:5)
  2 howler monkey skeletons
  4 scorpion zombies (Ossuary)
  8 adders
  A shadow imp (D:5)
  3 oozes
  An adder zombie (D:6)
  3 adder skeletons
  2 worms
  A dart slug (D:2)
  8 leopard geckos
  27 orcs
  8 giant cockroaches
  A gnoll zombie (Ossuary)
  8 goblins
  8 hobgoblins
  13 jackals
  6 quokkas
  8 bats
  5 frilled lizards
  3 goblin zombies (Ossuary)
  A hobgoblin zombie (Ossuary)
  5 kobolds
  A leopard gecko zombie (D:5)
  An orc zombie (Ossuary)
  A quokka skeleton (D:4)
  A quokka zombie (D:6)
  8 rats
255 creatures vanquished.

Vanquished Creatures (collateral kills)
  3 ogres (D:6)
3 creatures vanquished.

Vanquished Creatures (others)
  A jackal (D:6)
  5 toadstools (D:1)
6 creatures vanquished.

Grand Total: 264 creatures vanquished

Notes
Turn   | Place    | Note
-------+----------+-------------------------------------------
     0 | D:1      | Esekla the Octopode Enchanter began the quest for the Orb.
     0 | D:1      | Reached XP level 1. HP: 11/11 MP: 3/3
   130 | D:1      | Reached skill level 1 in Fighting
   396 | D:1      | Reached XP level 2. HP: 18/18 MP: 5/5
   807 | D:1      | Reached XP level 3. HP: 22/25 MP: 6/6
   827 | D:1      | Learned a level 3 spell: Dazzling Spray
  1207 | D:2      | Reached XP level 4. HP: 30/30 MP: 7/7
  1217 | D:2      | Learned a level 3 spell: Confuse
  1301 | D:2      | Reached skill level 1 in Conjurations
  1501 | D:2      | Reached skill level 1 in Shields
  1733 | D:3      | Reached XP level 5. HP: 28/36 MP: 6/8
  1842 | D:3      | Noticed Sigmund
  2260 | D:3      | Noticed Terence
  2278 | D:3      | Killed Terence
  3208 | D:3      | Reached XP level 6. HP: 42/42 MP: 10/10
  3330 | D:3      | Learned a level 3 spell: Tukima's Dance
  3440 | D:3      | Killed Sigmund
  3621 | D:4      | Reached XP level 7. HP: 29/46 MP: 7/11
  4613 | D:5      | Entered Level 5 of the Dungeon
  4676 | D:5      | Reached skill level 1 in Maces & Flails
  4678 | D:5      | Found a staircase to the Ecumenical Temple.
  4697 | Temple   | Entered the Ecumenical Temple
  4714 | Temple   | Became a worshipper of Makhleb the Destroyer
  4833 | Temple   | Learned a level 1 spell: Corona
  4896 | D:5      | Reached skill level 2 in Maces & Flails
  5062 | D:5      | Found an ancient bone altar of Kikubaaqudgha.
  5204 | D:5      | Reached skill level 3 in Maces & Flails
  5271 | D:5      | Reached XP level 8. HP: 52/52 MP: 12/12
  5300 | D:5      | Reached skill level 4 in Maces & Flails
  5407 | D:5      | Got a steaming bone ring
  5409 | D:5      | Identified the ring "Wawifaut" {*Tele Int+7} (You took it off a gnoll on level 5 of the Dungeon)
  6077 | D:6      | Reached skill level 5 in Maces & Flails
  6088 | D:6      | Reached skill level 5 in Short Blades
  6444 | D:6      | Reached XP level 9. HP: 40/56 MP: 7/13
  6491 | D:6      | Reached * piety under Makhleb
  6491 | D:6      | Reached skill level 6 in Maces & Flails
  6551 | D:6      | Reached skill level 5 in Shields
  6946 | D:6      | Learned a level 4 spell: Petrify
  7720 | D:6      | Reached skill level 1 in Earth Magic
  7966 | D:7      | Reached skill level 1 in Transmutations
  8437 | D:7      | Reached skill level 7 in Maces & Flails
  8460 | D:7      | Reached ** piety under Makhleb
  8511 | D:7      | Noticed Joseph
  8563 | D:7      | Killed Joseph
  8563 | D:7      | Reached XP level 10. HP: 27/63 MP: 16/16
  9815 | D:8      | Reached skill level 1 in Slings
  9957 | D:8      | Found a sand-covered staircase.
  9969 | Ossuary  | Entered an ossuary
 10395 | Ossuary  | Reached skill level 5 in Spellcasting
 10835 | Ossuary  | Gained mutation: Your flesh is cold resistant. (rC+) [potion of mutation]
 10835 | Ossuary  | Gained mutation: You expend magic power (3 MP) to strengthen your wands. [potion of mutation]
 10835 | Ossuary  | Gained mutation: You are frail. (-10% HP) [potion of mutation]
 10836 | Ossuary  | Lost mutation: You expend magic power (3 MP) to strengthen your wands. [potion of cure mutation]
 10836 | Ossuary  | Lost mutation: Your flesh is cold resistant. (rC+) [potion of cure mutation]
 10836 | Ossuary  | Lost mutation: You are frail. (-10% HP) [potion of cure mutation]
 10884 | Ossuary  | Reached skill level 8 in Maces & Flails
 10901 | Ossuary  | Reached *** piety under Makhleb
 11349 | D:8      | Noticed Maurice
 11628 | D:8      | Killed Maurice
 11922 | D:8      | Reached XP level 11. HP: 15/67 MP: 10/19
 12985 | D:9      | HP: 3/67 [poisoned by a killer bee]
 12991 | D:9      | Mangled by a two-headed ogre

Vault maps used:
D:1:      ldierk_walled_garden
D:2:      minmay_tall_x
D:3:      first_bread, uniq_terence, uniq_sigmund
D:4:      nrook_mini_vaults
D:5:      basic_altar, minmay_misc_feat_room
D:7:      uniq_joseph
D:8:      nicolae_ossuary_entry_ruins, grunt_livestock, uniq_maurice
Temple:   regret_index_temple_sigil_plot
Ossuary:  ossuary_minmay_scorpions

Skill      XL: |  1  2  3  4  5  6  7  8  9 10 11 |
---------------+----------------------------------+-----
Fighting       | 1 2 3 |  3.0
Conjurations   | 1 2 3 |  3.9
Shields        | 1 2 3 4 5 7 |  7.6
Short Blades   | 2 3 4 5 6 |  6.5
Spellcasting   | 3 4 5 |  5.8
Maces & Flails | 3 5 7 8 |  8.9
Earth Magic    | 2 3 |  3.8
Transmutations | 2 3 |  3.0
Slings         | 2 |  2.0
Hexes          | 4 |  4.0
Dodging        | |  2.0
Stealth        | |  4.0

Action                   |  1- 3 |  4- 6 |  7- 9 | 10-12 || total
-------------------------+-------+-------+-------+-------++-------
Melee: Dagger            |    67 |   114 |   100 |    56 ||   337
       Tentacles         |    10 |    22 |    50 |    55 ||   137
       Constrict         |    16 |    34 |    52 |    52 ||   154
       Whip              |       |       |   192 |   238 ||   430
       Short sword       |       |       |       |    23 ||    23
       Long sword        |       |       |       |     7 ||     7
 Fire: Hunting sling     |       |     3 |     8 |    26 ||    37
Throw: Stone             |    13 |    21 |    24 |    17 ||    75
       Javelin           |       |     1 |    14 |     8 ||    23
 Cast: Dazzling Spray    |     1 |     3 |    24 |    46 ||    74
       Confuse           |       |     3 |       |       ||     3
       Corona            |       |     1 |     5 |     5 ||    11
       Tukima's Dance    |       |       |     8 |     7 ||    15
       Petrify           |       |       |       |     2 ||     2
Evoke: Wand              |       |       |       |     1 ||     1
  Use: Scroll            |     1 |     2 |    19 |     8 ||    30
       Potion            |       |       |     3 |    15 ||    18
 Stab: Sleeping          |    13 |     8 |    11 |    11 ||    43
       Confused          |       |     2 |       |       ||     2
       Invisible         |       |       |    12 |     4 ||    16
       Distracted        |       |       |     1 |       ||     1
  Eat: Fruit             |     2 |       |       |       ||     2
       Pizza             |       |     2 |       |       ||     2
       Meat ration       |       |     1 |       |     1 ||     2
       Bread ration      |       |       |     5 |     3 ||     8
Armor: Skin              |     6 |     2 |     7 |    11 ||    26
Dodge: Dodged            |    25 |    53 |   135 |   129 ||   342
Block: Buckler           |       |    13 |    70 |   102 ||   185
